 Dungeon Crawl Stone Soup version 0.32-a0-30-gefbe487952 (webtiles) character file.

Game seed: 17014751681974188142

30 gelatine the Trooper (level 3, 0/29 HPs)
             Began as a Demonspawn Fighter on Jan 19, 2024.
             Slain by a goblin
             ... wielding a +0 club
             ... led by Robin
              (6 damage)
             ... on level 2 of the Dungeon.
             The game lasted 00:01:44 (631 turns).

gelatine the Trooper (Demonspawn Fighter)            Turns: 631, Time: 00:01:46

Health: 0/29       AC:  6    Str: 18    XL:     3   Next: 5%
Magic:  3/3        EV:  9    Int:  8    God:
Gold:   42         SH:  8    Dex: 12    Spells: 2/2 levels left

rFire   . . .        a - +0 war axe
rCold   . . .        c - +0 buckler
rNeg    . . .        b - +0 scale mail
rPois   .            (no helmet)
rElec   .            (no cloak)
rCorr   .            (no gloves)
SInv    .            (no boots)
Will    .....        (no amulet) Stlth
                     (no ring)
HPRegen 0.24/turn    (no ring)
MPRegen 0.08/turn

%: no passive effects
@: no status effects
A: powered by pain 1, condensation shield
a: no special abilities


You were on level 2 of the Dungeon.
You visited 1 branch of the dungeon, and saw 2 of its levels.

You collected 42 gold pieces.

Inventory:

Hand Weapons
 a - a +0 war axe (weapon)
Missiles
 l - 5 javelins (quivered)
Armour
 b - a +0 scale mail (worn)
 c - a +0 buckler (worn)
Jewellery
 k - an amulet of faith
Scrolls
 f - a scroll of poison {unknown}
 g - a scroll of silence {unknown}
 i - a scroll of teleportation {unknown}
 j - 3 scrolls of identify {unknown}
Potions
 d - a potion of might
 e - a potion of invisibility {unknown}
 h - 2 potions of brilliance {unknown}


   Skills:
 + Level 3.2 Fighting
 + Level 2.0 Axes
 + Level 0.1 Throwing
 + Level 2.9 Armour
 * Level 1.1 Dodging
 + Level 2.9 Shields


You had 2 spell levels left.
You didn't know any spells.
Your spell library was empty.

Dungeon Overview and Level Annotations

Branches:
Dungeon (2/15)

Altars:

Annotations:
D:2 Robin


Innate Abilities, Weirdness & Mutations

You sometimes gain a little power by taking damage.
A meltable shield of frost defends you. (SH +4)


Message History

You closely miss the hobgoblin. You barely miss the goblin. You hit the goblin.
You block the goblin's attack. You block the hobgoblin's attack.
The goblin hits you with a +0 dagger.
A hobgoblin comes into view.
The goblin barely misses you.
Unknown command.
You hit the hobgoblin but do no damage. You hit the goblin.
You kill the goblin!
You hit the goblin. The hobgoblin barely misses you.
You block the goblin's attack. The hobgoblin barely misses you.
You block the goblin's attack.
Unknown command.
You slash the hobgoblin!
You kill the hobgoblin!
You barely miss the goblin. You hit the goblin.
The goblin hits you with a +0 club. Robin throws the goblin at you!
The goblin hits you with a +0 club. The goblin misses you.
You block the goblin's attack.
Unknown command.
You barely miss the goblin. You hit the goblin.
You kill the goblin!
You hit the goblin.
You kill the goblin!
You barely miss the goblin. The goblin hits you with a +0 club.
You block the goblin's attack. The goblin hits you with a +0 club.
* * * LOW HITPOINT WARNING * * *
You block the goblin's attack. The goblin closely misses you.
The hobgoblin closely misses you.
You have reached level 3!
Your experience leads to an increase in your attributes!
Increase (S)trength, (I)ntelligence, or (D)exterity?
You feel stronger. x2; Your demonic ancestry asserts itself...
You feel energised by your suffering.
You completely miss the goblin. You barely miss the hobgoblin.
You hit the goblin.
You kill the goblin!
You slash the goblin!
You kill the goblin!
You block the hobgoblin's attack. The goblin hits you with a +0 club.
You die...

#.##...##.#.#.#..# #
##### #....#....[.#.#..#
#
......####...######.#.##
# #....###...## #.#.####
#...#...### #.#.#.##
#..).#...# #.#....#
#...#...#.######.#.#.##
......###g#^......<...#.#
#####. #@##.#######.##.#
......ggg..# #.##.#
#######..#.# #.##.# .g..
.. #.##.# #..#.
#.####.##.# #.....
.....##.## .... ##
.......... .....
#######.## #.#


You could see Robin, 3 hobgoblins and a goblin (strong).

Vanquished Creatures
  5 endoplasms
  4 giant cockroaches
  7 goblins
  A hobgoblin (D:2)
  4 jackals (D:2)
  2 ball pythons
  A bat (D:1)
  A frilled lizard (D:2)
  2 kobolds (D:2)
  A rat (D:1)
28 creatures vanquished.

Notes
Turn   | Place    | Note
-------+----------+-------------------------------------------
     0 | D:1      | gelatine the Demonspawn Fighter began the quest for the
                  | Orb.
     0 | D:1      | Reached XP level 1. HP: 18/18 MP: 1/1
   295 | D:1      | Gained mutation: A meltable shield of frost defends you.
                  | (SH +4) [demonic ancestry]
   295 | D:1      | Reached XP level 2. HP: 23/24 MP: 2/2
   613 | D:2      | Reached skill level 1 in Dodging
   625 | D:2      | Noticed Robin
   631 | D:2      | Gained mutation: You sometimes gain a little power by
                  | taking damage. [demonic ancestry]
   631 | D:2      | Reached XP level 3. HP: 6/29 MP: 3/3
   631 | D:2      | Slain by a goblin

Illustrated notes

Levels and vault maps discovered:
D:1:      giann_bridges, layout_basic, serial_bayou_pond_e, minmay_pentomino_p2
D:2:      layout_loops_ring, uniq_robin

Skill      XL: |  1  2 |
---------------+-------+-----
Axes           | 2 |  2.0
Dodging        | 1 |  1.1
Fighting       | |  3.2
Throwing       | |  0.1
Armour         | |  2.9
Shields        | |  2.9

Action                     || total
---------------------------++-------
  Melee: War axe           ||    58
  Throw: Javelin           ||     6
 Armour: Scale mail        ||    35
  Dodge: Dodged            ||    27
  Block: Buckler           ||    34

Table legend: (Time is in decaauts)
 A = Elapsed time spent in this place.
 B = Non-inter-level travel time spent in this place.
 C = Inter-level travel time spent in this place.
 D = Time resting spent in this place.
 E = Time spent auto-exploring this place.
 F = Levels seen in this place.
 G = Mean time per level.
                   A        B        C        D        E       F      G
               +--------+--------+--------+--------+--------+-----+--------+
         Total |    659 |    634 |     25 |      0 |    431 |   2 |  329.5 |
       Dungeon |    659 |    634 |     25 |      0 |    431 |   2 |  329.5 |
               +--------+--------+--------+--------+--------+-----+--------+

Top non-repeatable levels by time:
     D:1: 492 daAuts
     D:2: 166 daAuts
